 Dungeon Crawl Stone Soup version 0.30-a0-840-ga523dec638 (webtiles) character file.

Game seed: 15514316659369625325

98 cforsyth the Sneak (level 5, -2/32 HPs)
             Began as a Kobold Brigand on Mar 2, 2023.
             Killed from afar by Ijyb (16 damage)
             ... with an iceblast
             ... on level 3 of the Dungeon.
             The game lasted 00:02:28 (1846 turns).

cforsyth the Sneak (Kobold Brigand)                 Turns: 1846, Time: 00:02:28

Health: -2/32      AC:  3    Str:  8    XL:     5   Next: 0%
Magic:  5/5        EV: 15    Int: 12    God:
Gold:   95         SH:  0    Dex: 19    Spells: 4/4 levels left

rFire   . . .      SeeInvis .    a - +2 dagger
rCold   . . .      Faith    .    (no shield)
rNeg    . . .      Spirit   .    b - +0 robe
rPois   .          Reflect  .    (no helmet)
rElec   .          Harm     .    c - +0 cloak
rCorr   .          Rampage  .    (no gloves)
Will    .....                    (no boots)
Stlth   ++++                     (no amulet)
HPRegen 0.25/turn                (no ring)
MPRegen 0.09/turn                (no ring)

@: no status effects
A: small, no large weapons, nightstalker 3
a: no special abilities


You were on level 3 of the Dungeon.
You visited 1 branch of the dungeon, and saw 3 of its levels.

You collected 95 gold pieces.

Inventory:

Hand Weapons
 a - a +2 dagger (weapon)
Missiles
 d - 9 poisoned darts (quivered)
 e - 3 curare-tipped darts
 l - 3 atropa-tipped darts
Armour
 b - a +0 robe (worn)
 c - a +0 cloak (worn)
 q - a +0 leather armour
Jewellery
 o - a ring of see invisible
Scrolls
 f - a scroll of magic mapping
 g - a scroll of identify {unknown}
 i - a scroll of amnesia {unknown}
 j - a scroll of teleportation {unknown}
 m - a scroll of immolation {unknown}
 p - a scroll of noise {unknown}
Potions
 h - a potion of heal wounds {unknown}
 k - a potion of might {unknown}
 n - a potion of ambrosia {unknown}


   Skills:
 + Level 3.2 Fighting
 + Level 3.9 Short Blades
 - Level 2.1 Throwing
 + Level 2.7 Dodging
 + Level 6.1 Stealth


You had 4 spell levels left.
You didn't know any spells.
Your spell library contained the following spells:

 Spells                   Type           Power      Damage    Failure   Level
 Foxfire                  Conj/Fire      0%         2x1d4     32%         1
 Ensorcelled Hibernation  Hex/Ice        0%         N/A       45%         2
 Passwall                 Tmut/Erth      0%         N/A       45%         2
 Swiftness                Air            0%         N/A       69%         3
 Fireball                 Conj/Fire      0%         3d3       100%        5
 Starburst                Conj/Fire      0%         6d3       100%        6


Dungeon Overview and Level Annotations

Branches:
Dungeon (3/15)

Altars:

Annotations:
D:3 Grinder, Ijyb


Innate Abilities, Weirdness & Mutations

You are small and have problems with some larger weapons.
You are completely attuned to the shadows.


Message History

p - a scroll labelled YRRUT OROIXYO You now have 95 gold pieces (gained 16).
A bat comes into view.
The bat moves out of view.
A kobold comes into view. It is wielding a +0 short sword.
Found a stone staircase leading down.
The bat misses you.
You hit the bat.
You kill the bat!
You have reached level 5!
You feel agile.
Found a leather armour.
You see here a +0 leather armour.
You see here a +0 leather armour.
q - a +0 leather armour
Found a ring mail.
Grinder comes into view.
Found a stone.
Found a club.
Ijyb the Twisted Goblin comes into view.
She is wielding a +0 dagger and carrying a wand of iceblast (3).
Ijyb shouts!
Grinder shouts!
Okay, then.
You hear the slow rusting of a very distant drain.
You see here a +0 ring mail.
Found a stone staircase leading down.
A hobgoblin comes into view.
Found a glowing rapier and 14 gold pieces.
Found a stone staircase leading up.
The hobgoblin attacks as you move away! The hobgoblin hits you.
Found a ring mail.
Ijyb zaps a wand.
The mass of ice explodes!
The iceblast engulfs the hobgoblin!
The hobgoblin dies!
The iceblast engulfs you!
You hear a shout!
You don't know any spells.
Ijyb zaps a wand.
The mass of ice explodes!
The iceblast engulfs you!
You see here a +4 rapier.
Ijyb zaps a wand.
The mass of ice explodes!
The iceblast engulfs you!
Ouch! That really hurt!
You die...

*,,,,,** ***
*,,,,,,,*
*,,,,,,****** *,*
*,,,,,,,*
*,,,,*,,,,,,****,*
*,,,,,,,*
***********,,,*#.#
**,,<,,**
***,,..##****
*,,,,,,,*
***#..,,,,***,,,,,,,*
#[#***,*,,,,,,,,,*
####.####,,,,,_,,,,**
#.<.@....,,,,,,,,,**
#...)$...,,,,,,****
#...g.....,,,,,,,**
#.........#*****,,***
#.........# **,,,,
#.).......# *****
#.........# *
#.........# *****
#.....(...# ****,,,,


You could see Ijyb.

Vanquished Creatures
  Robin (D:2)
  2 adders (D:2)
  A gnoll (D:1)
  A worm (D:2)
  3 dart slugs
  8 endoplasms
  A giant cockroach (D:1)
  12 goblins
  3 hobgoblins
  2 quokkas
  2 ball pythons (D:1)
  5 bats
  3 frilled lizards (D:1)
  4 kobolds
  3 rats (D:1)
51 creatures vanquished.

Vanquished Creatures (others)
  A hobgoblin (D:3)
1 creature vanquished.

Grand Total: 52 creatures vanquished

Notes
Turn   | Place    | Note
-------+----------+-------------------------------------------
     0 | D:1      | cforsyth the Kobold Brigand began the quest for the Orb.
     0 | D:1      | Reached XP level 1. HP: 12/12 MP: 1/1
   104 | D:1      | Reached XP level 2. HP: 17/18 MP: 2/2
   243 | D:1      | Reached XP level 3. HP: 20/22 MP: 3/3
   699 | D:2      | Found a faded altar of an unknown god.
   728 | D:2      | Reached XP level 4. HP: 27/27 MP: 4/4
   965 | D:2      | Reached skill level 6 in Stealth
  1039 | D:2      | Noticed Robin
  1507 | D:2      | Killed Robin
  1796 | D:3      | Reached XP level 5. HP: 32/32 MP: 5/5
  1823 | D:3      | Noticed Grinder
  1825 | D:3      | Noticed Ijyb
  1846 | D:3      | Killed from afar by Ijyb

Illustrated notes

Levels and vault maps discovered:
D:1:      saegor_arrival_miasma, layout_rooms, kennysheep_pointless_box
D:2:      layout_loops_ring, serial_aquarium, aquarium_bridge_square
          [aquarium_subvault_wall, aquarium_subvault_wall,
          aquarium_subvault_window, aquarium_subvault_bridge],
          aquarium_window_1, aquarium_window_1, aquarium_view_2a,
          aquarium_balcony_5b, chequers_ecumenical_altar_twisty, nrook_campfire,
          uniq_robin
D:3:      layout_rooms, nicolae_gozag_seed_capital, cheibrodos_sewer_entry_bend,
          uniq_jessica, uniq_ijyb, uniq_grinder

Skill      XL: |  1  2  3  4 |
---------------+-------------+-----
Short Blades   | 3 |  3.9
Dodging        | 2 |  2.7
Fighting       | 3 |  3.2
Stealth        | 6 |  6.1
Throwing       | |  2.1

Action                     |  1- 3 |  4- 6 || total
---------------------------+-------+-------++-------
  Melee: Dagger            |    49 |    73 ||   122
    Use: Scroll            |       |     1 ||     1
   Stab: Sleeping          |    21 |     8 ||    29
 Armour: Robe              |     3 |    10 ||    13
  Dodge: Dodged            |    15 |    53 ||    68

Table legend: (Time is in decaauts)
 A = Elapsed time spent in this place.
 B = Non-inter-level travel time spent in this place.
 C = Inter-level travel time spent in this place.
 D = Time resting spent in this place.
 E = Time spent auto-exploring this place.
 F = Levels seen in this place.
 G = Mean time per level.
                   A        B        C        D        E       F      G
               +--------+--------+--------+--------+--------+-----+--------+
         Total |   1824 |   1766 |     58 |    172 |   1218 |   3 |  608.0 |
       Dungeon |   1824 |   1766 |     58 |    172 |   1218 |   3 |  608.0 |
               +--------+--------+--------+--------+--------+-----+--------+

Top non-repeatable levels by time:
     D:2: 936 daAuts
     D:1: 820 daAuts
     D:3: 67 daAuts
